 Dungeon Crawl Stone Soup version 0.29.1-13-g9f3cf754e1 (webtiles) character file.

Game seed: 13552594794663649958

78936 croobank the Destroyer (level 15, -3/115 HPs)
             Began as a Demonspawn Conjurer on Feb 2, 2023.
             Was an Initiate of Gozag.
             Slain by an ogre mage
             ... wielding a +1 whip of holy wrath
              (7 damage)
             ... while paralysed by an ogre mage
             ... on level 12 of the Dungeon.
             The game lasted 02:29:44 (30311 turns).

croobank the Destroyer (Demonspawn Conjurer)       Turns: 30311, Time: 02:29:45

Health: -3/115     AC: 23    Str: 16    XL:     15   Next: 19%
Magic:  28/28      EV:  2    Int: 29    God:    Gozag
Gold:   2186       SH:  0    Dex: 12    Spells: 8/33 levels left

rFire   . . .      SeeInvis .   m - +9 lajatang (spect)
rCold   . . .      Faith    .   (shield currently unavailable)
rNeg    + . .      Spirit   .   a - +4 leather armour of Summer {rN+ Str+2 Slay+2}
rPois   .          Reflect  .   l - +2 hat {Will+}
rElec   .          Harm     .   (cloak unavailable)
rCorr   +          Rampage  .   h - +1 pair of gloves of Gehenna {rCorr Int+3}
Will    +++..                   T - +2 pair of boots {Fly}
Stlth   ++++......              o - amulet of magic regeneration
HPRegen 0.29/turn               d - +6 ring of strength
MPRegen 0.61/turn               R - ring of willpower

@: paralysed, wereblooded, gold aura, sanguine armoured, flying
A: demonic guardian 2, powered by death 1, sanguine armour 2, weakness stinger 3
a: Renounce Religion, Potion Petition, Call Merchant, Bribe Branch


You were on level 12 of the Dungeon.
You worshipped Gozag.
Gozag was most pleased with you.
You visited 4 branches of the dungeon, and saw 21 of its levels.
You also visited: Sewer, Bailey, Gauntlet and Ice Cave.

You collected 8111 gold pieces.
You spent 1992 gold pieces at shops.
You paid 3933 gold pieces to Gozag.

Inventory:

Hand Weapons
 e - a +4 great mace of protection
 m - a +9 spectral lajatang (weapon)
 r - the +6 mace of the Vanishing Tusks {antimagic, rN+}
   (You found it in an ice cave)

   It reduces the magical energy of the wielder, and disrupts the spells and
   magical abilities of those it strikes.
   Natural abilities and divine invocations are not affected.
   rN:        It protects you from negative energy.
 x - a +2 scimitar of flaming
 A - a +0 broad axe of freezing
 K - the +3 woodcutter's axe {vorpal}
   (You found it on level 7 of the Dungeon)

   It inflicts extra damage upon your enemies.
 M - the +4 falchion of Strategic Superiority {vamp, rF++ rN+ Dex-3 SInv}
   (You found it on level 5 of the Lair of Beasts)

   It occasionally heals its wielder for a portion of the damage dealt when it
   wounds a living foe.
   Dex:       It affects your dexterity (-3).
   rF:        It greatly protects you from fire.
   rN:        It protects you from negative energy.
   SInv:      It lets you see invisible.
Missiles
 I - 5 silver javelins (quivered)
 S - 2 curare-tipped darts
 V - 4 datura-tipped darts
Armour
 a - the +4 leather armour of Summer (worn) {rN+ Str+2 Slay+2}
   (You bought it in a shop on level 1 of the Orcish Mines)

   Str:       It affects your strength (+2).
   Slay:      It affects your accuracy & damage with ranged weapons and melee
   (+2).
   rN:        It protects you from negative energy.
 g - a +2 buckler of cold resistance
 h - the +1 pair of gloves of Gehenna (worn) {rCorr Int+3}
   (You acquired it on level 11 of the Dungeon)

   Int:       It affects your intelligence (+3).
   rCorr:     It protects you from acid and corrosion.
 l - a +2 hat of willpower (worn)
 O - a +2 pair of gloves of stealth
 T - a +2 pair of boots of flying (worn)
Jewellery
 d - a +6 ring of strength (left hand)
 f - a +4 ring of protection
 n - a ring of positive energy
 o - an amulet of magic regeneration (around neck)
 P - a ring of flight
 R - a ring of willpower (right hand)
 Y - a +6 ring of dexterity
Wands
 c - a wand of iceblast (7)
 t - a wand of flame (20)
 G - a wand of charming (24)
 H - a wand of quicksilver (8)
 Q - a wand of digging (10)
Scrolls
 p - 2 scrolls of immolation
 s - 3 scrolls of butterflies
 u - a scroll of silence
 C - 8 scrolls of fear
 F - 2 scrolls of summoning
 L - 3 scrolls of magic mapping
 N - 9 scrolls of teleportation
 U - 2 scrolls of vulnerability
Potions
 b - 7 potions of magic
 i - a potion of heal wounds
 j - a potion of attraction
 k - 5 potions of curing
 q - 7 potions of brilliance
 v - a potion of mutation
 w - a potion of ambrosia
 z - 2 potions of resistance
 E - 3 potions of haste
 J - 3 potions of lignification
 X - a potion of cancellation
 Z - 4 potions of berserk rage
Miscellaneous
 W - a lightning rod (4/4)


   Skills:
 + Level 10.1 Fighting
 + Level 10.9 Staves
 + Level 9.6 Dodging
 + Level 10.3 Stealth
 + Level 9.7 Spellcasting
 - Level 10.9 Conjurations
 + Level 5.3 Hexes
 * Level 2.1 Summonings
 + Level 8.1 Translocations
 - Level 3.0 Transmutations
 + Level 1.1 Air Magic


You had 8 spell levels left.
You knew the following spells:

 Your Spells              Type           Power      Damage    Failure   Level
a - Magic Dart            Conj           100%       1d8       1%          1
b - Searing Ray           Conj           100%       2d8       1%          2
c - Dazzling Flash        Conj/Hex       100%       N/A       1%          3
d - Fulminant Prism       Conj/Hex       28%        3d14      1%          4
e - Iskenderun's Mystic   Conj/Tloc      62%        2d13      1%          4
f - Summon Mana Viper     Hex/Summ       35%        N/A       28%         5
g - Summon Lightning Spi  Summ/Air       23%        N/A       24%         4
h - Wereblood             Tmut           31%        N/A       1%          2

Your spell library contained the following spells:

 Spells                   Type           Power      Damage    Failure   Level
 Blink                    Tloc           100%       N/A       1%          2
 Tukima's Dance           Hex            44%        N/A       1%          3
 Passage of Golubria      Tloc           57%        N/A       1%          4
 Iskenderun's Battlesphe  Conj           67%        2d12      1%          5
 Mephitic Cloud           Conj/Pois/Air  37%        N/A       2%          3
 Call Imp                 Summ           26%        N/A       3%          2
 Inner Flame              Hex/Fire       29%        N/A       4%          3
 Hailstorm                Conj/Ice       45%        3d10      4%          4
 Manifold Assault         Tloc           57%        N/A       4%          5
 Cause Fear               Hex            22%        N/A       5%          4
 Sublimation of Blood     Necr           14%        N/A       7%          2
 Ignite Poison            Fire/Tmut/Pois 19%        N/A       10%         3
 Lightning Bolt           Conj/Air       24%        1d40      11%         5
 Frozen Ramparts          Ice            28%        1d5       14%         3
 Yara's Violent Unravell  Hex/Tmut       19%        3d9       24%         5
 Ice Form                 Ice/Tmut       22%        N/A       26%         4
 Petrify                  Tmut/Erth      22%        N/A       26%         4
 Freezing Cloud           Conj/Ice/Air   18%        6-21      26%         5
 Summon Ice Beast         Ice/Summ       20%        N/A       30%         4
 Iron Shot                Conj/Erth      22%        9d5       61%         6
 Spellforged Servitor     Conj/Summ      25%        N/A       95%         7
 Statue Form              Tmut/Erth      14%        N/A       98%         6
 Dragon Form              Tmut           15%        N/A       100%        7
 Storm Form               Tmut/Air       13%        N/A       100%        7
 Summon Hydra             Summ           13%        N/A       100%        7
 Dragon's Call            Summ           13%        N/A       100%        9
 Fire Storm               Conj/Fire      22%        8d6       100%        9
 Polar Vortex             Ice            7%         N/A       100%        9
 Corpse Rot               Necr/Pois/Air  Unusable   N/A       N/A         4
 Simulacrum               Ice/Necr       Unusable   N/A       N/A         6

Dungeon Overview and Level Annotations

Branches:
Dungeon (13/15)            Temple (1/1) D:4            Lair (5/5) D:11
  Swamp (0/4) Lair:3        Snake (0/4) Lair:2        Slime (0/5) Lair:5
    Orc (2/2) D:9             Elf (0/3) Orc:2         Sewer (visited)
 Bailey (visited)           IceCv (visited)         Gauntlet (visited)
 Vaults: D:13-14

Altars:
Ashenzari
Cheibriados
Dithmenos
Fedhas
Gozag
Hepliaklqana
Kikubaaqudgha
Makhleb
Nemelex Xobeh
Okawaru
Qazlal
Ru
Sif Muna
Trog
Uskayaw
Vehumet
Wu Jian
Xom
Yredelemnul

Shops:
D:5 ?   D:12 [   Orc:1 **[*   Orc:2 ?([=

Annotations:
D:6 2 transporters, javelincjr's ghost, amateur DrAE
Lair:3 2 runed translucent doors, Foabaekk's ghost, journeyman GrMo


Innate Abilities, Weirdness & Mutations

A demonic guardian rushes to your aid.
You regenerate a little health from kills.
When seriously injured, your blood forms thick armour. (AC +9)
You have a sharp stinger which inflicts weakening toxins.


Message History

You hear some strange, mumbled words.
The ogre seems to speed up.
You barely miss the ogre.
The ogre is heavily wounded.
Your +9 spectral lajatang hits the ogre!!
You feel a bit better.
You kill the ogre!
Things that are here:
13 gold pieces; a +0 giant club You barely miss something.
Your tail-slap misses something.
Your +9 spectral lajatang hits something!
The two-headed ogre closely misses your +9 spectral lajatang.
The two-headed ogre hits your +9 spectral lajatang with a +0 giant spiked club!!
Your spectral weapon shares its damage with you!
Something hits you!
You convulse.
You swap places.
The two-headed ogre hits you with a +0 giant spiked club.
The two-headed ogre hits you with a +0 giant spiked club!
* * * LOW HITPOINT WARNING * * *
Something barely misses you.
Things that are here:
13 gold pieces; a +0 giant club You hit the two-headed ogre.
You tail-slap the two-headed ogre!
The two-headed ogre looks weaker.
The two-headed ogre is moderately wounded.
The two-headed ogre barely misses you. The two-headed ogre closely misses you.
You hear some strange, mumbled words.
You suddenly lose the ability to move!
The two-headed ogre hits you with a +0 giant spiked club!
* * * LOW HITPOINT WARNING * * *
A demonic guardian appears!
The two-headed ogre hits you with a +0 giant spiked club!
* * * LOW HITPOINT WARNING * * *
You howl as the wereblood boils in your veins!
The two-headed ogre hits you with a +0 giant spiked club.
* * * LOW HITPOINT WARNING * * *
The two-headed ogre hits you but does no damage.
Something hits you!
You die...
Your body crumbles into a pile of gold.

.### ##.###...8.#....## .#.#
#.##.###.)#....# ...#
##..###.#.###### ...#
#####.##.# ...# ### #.##)##
...# ##..# #.###..##
...###...O# #.###>.).#######
...##......#####.....#.#...#
...# #..##O@3..##.....##
...## ###.$O#.###.......#
....### ####### ##.....##
......# ###...## ...(..## $$
######..#### .......## $$
#..#....# ........# $$
##.....(## ........# $$
#.....### ........# #.....#


You could see a two-headed ogre (fast, weak, ally target), an ogre and a
friendly sixfirhy (summoned).

Vanquished Creatures
  Gastronok (Lair:3)
  An orc warlord (Orc:2)
  A minotaur (Gauntlet)
  A hydra (Lair:5)
  2 boulder beetles
  Harold (D:8)
  2 ironbound frosthearts (IceCv)
  5 two-headed ogres
  A catoblepas (Lair:4)
  4 death yaks
  An orc high priest (Orc:2)
  A soul eater (Gauntlet)
  Nergalle (D:10)
  2 orc sorcerers (Orc:2)
  4 orc knights
  A manticore (D:11)
  2 cyclopes (D:12)
  An ice statue (IceCv)
  17 elephants
  2 torpor snails
  3 black mambas
  A gargoyle (D:11)
  11 komodo dragons
  A rime drake (Lair:1)
  2 unseen horrors
  A rime drake (shapeshifter) (Gauntlet)
  13 cane toads
  5 hornets
  A tarantella (shapeshifter) (Gauntlet)
  4 slime creatures
  7 trolls
  12 polar bears
  6 dream sheep
  12 blink frogs
  2 centaur simulacra (Gauntlet)
  A shadow (D:11)
  A jumping spider (shapeshifter) (Gauntlet)
  3 wraiths (D:12)
  2 wyverns
  5 hogs (Lair:4)
  14 spriggans (Lair:5)
  49 yaks
  3 basilisks
  A steam dragon (D:7)
  3 vampire mosquitoes (D:12)
  4 wargs
  2 nagas (Lair:2)
  2 acid dragons
  An acid dragon (shapeshifter) (Gauntlet)
  10 water moccasins
  3 ice beasts
  7 black bears
  A meliai simulacrum (Gauntlet)
  Pargi (Sewer)
  30 orc warriors
  A sky beast (D:9)
  A hornet zombie (D:8)
  14 ogres
  36 wolves
  A centaur (D:9)
  4 boggarts (Lair:5)
  4 kobold brigands
  9 bullfrogs
  5 necrophages
  6 gnoll sergeants
  A wyvern zombie (D:8)
  A two-headed ogre simulacrum (Orc:1)
  5 scorpions
  A hornet simulacrum (Gauntlet)
  18 wights
  8 killer bees
  2 howler monkeys (D:8)
  A hound (D:6)
  A human zombie (D:8)
  2 gnoll boudas (D:7)
  20 orc priests
  8 jellies
  An iguana (D:3)
  32 orc wizards
  Natasha (thrice) (D:4)
  3 spriggan simulacra (Orc:1)
  A mummy (D:8)
  2 howler monkey zombies (D:8)
  4 naga simulacra (Orc:1)
  19 adders
  7 gnolls
  2 river rats (D:6)
  4 shadow imps (Gauntlet)
  An ufetubus (D:5)
  A worm (D:2)
  4 dart slugs
  124 orcs
  13 ball pythons
  12 endoplasms
  9 giant cockroaches
  4 hobgoblins
  2 quokkas (D:4)
  2 bats
  5 frilled lizards
  7 goblins
  38 kobolds
  9 rats
  A fulminant prism (Lair:5)
734 creatures vanquished.

Vanquished Creatures (collateral kills)
  Kirke (Lair:4)
  Erolcha (D:12)
  A hydra (Lair:5)
  A two-headed ogre (D:12)
  4 death yaks
  A black mamba (Lair:4)
  A torpor snail (Lair:2)
  A polar bear (IceCv)
  2 trolls
  A wraith (D:12)
  4 yaks
  Grum (D:9)
  A vampire mosquito (D:12)
  A black bear (D:4)
  An ogre (D:12)
  A wolf (IceCv)
  A bullfrog (D:9)
  A necrophage (D:8)
  A gnoll sergeant (D:7)
  2 orc priests (Orc:2)
  3 gnolls (D:7)
  A dart slug (D:4)
  2 orcs
  A kobold (D:10)
35 creatures vanquished.

Vanquished Creatures (others)
  A hound (D:7)
  An orc wizard (Orc:1)
  7 demonic plants (Gauntlet)
  81 fulminant prisms
  50 fungi
  52 plants
  5 toadstools (D:3)
197 creatures vanquished.

Grand Total: 966 creatures vanquished

Notes
Turn   | Place    | Note
-------+----------+-------------------------------------------
     0 | D:1      | croobank the Demonspawn Conjurer began the quest for the
                  | Orb.
     0 | D:1      | Reached XP level 1. HP: 13/13 MP: 3/3
   245 | D:1      | Found a faded altar of an unknown god.
   249 | D:1      | You fall into a shaft and drop 1 floor!
   377 | D:1      | Gained mutation: You have a small tail. [demonic ancestry]
   377 | D:1      | Reached XP level 2. HP: 13/19 MP: 5/5
   380 | D:1      | Learned a level 2 spell: Searing Ray
  1481 | D:2      | Gained mutation: You have a tail ending in a sharp stinger.
                  | [demonic ancestry]
  1481 | D:2      | Reached XP level 3. HP: 25/25 MP: 2/6
  1485 | D:2      | Learned a level 3 spell: Dazzling Flash
  1684 | D:2      | Reached skill level 1 in Fighting
  2501 | D:3      | Reached XP level 4. HP: 32/32 MP: 0/7
  2730 | D:3      | Reached skill level 1 in Hexes
  3669 | D:3      | Gained mutation: A weak demonic guardian rushes to your
                  | aid. [demonic ancestry]
  3669 | D:3      | Reached XP level 5. HP: 13/37 MP: 2/9
  4302 | D:4      | Found a staircase to the Ecumenical Temple.
  4303 | D:4      | Noticed a black bear
  4316 | D:4      | Killed a black bear
  4317 | D:4      | Gained mutation: You have a sharp stinger which inflicts
                  | weakening toxins. [demonic ancestry]
  4317 | D:4      | Reached XP level 6. HP: 13/44 MP: 0/10
  4749 | Temple   | Entered the Ecumenical Temple
  5003 | D:4      | Noticed Natasha
  5007 | D:4      | Killed Natasha
  5400 | D:4      | Noticed Natasha
  5408 | D:4      | Killed Natasha
  5558 | D:4      | Noticed Natasha
  5560 | D:4      | Killed Natasha
  5756 | D:4      | Found a hide-covered altar of Uskayaw.
  5761 | D:4      | Found a shimmering blue altar of Sif Muna.
  5781 | D:4      | Found an opulent altar of Gozag.
  5786 | D:4      | Became a worshipper of Gozag Ym Sagoz the Greedy
  5792 | D:4      | Found a burning altar of Makhleb.
  5803 | D:4      | Found a snail-covered altar of Cheibriados.
  5827 | D:5      | Entered Level 5 of the Dungeon
  5827 | D:5      | Noticed a water moccasin
  5837 | D:5      | Killed a water moccasin
  5942 | D:5      | Reached skill level 5 in Conjurations
  5949 | D:5      | Gained mutation: When seriously injured, your blood forms
                  | armour. (AC +9) [demonic ancestry]
  5949 | D:5      | Reached XP level 7. HP: 51/51 MP: 3/12
  6836 | D:5      | Found Laulynn's Magic Scroll Emporium.
  6868 | D:5      | Gained mutation: You regenerate a little health from kills.
                  | [demonic ancestry]
  6868 | D:5      | Reached XP level 8. HP: 38/58 MP: 4/14
  6988 | D:5      | Bought a scroll of enchant weapon for 90 gold pieces
  6988 | D:5      | Bought a scroll of enchant weapon for 90 gold pieces
  6988 | D:5      | Bought a scroll of identify for 24 gold pieces
  7420 | D:5      | Found a basalt altar of Yredelemnul.
  7786 | D:6      | Found a transporter.
  7787 | D:6      | Found a transporter.
  7813 | D:6      | Found a glowing drain.
  7889 | Sewer    | Entered a sewer
  8011 | Sewer    | Noticed Pargi
  8017 | Sewer    | Killed Pargi
  8528 | D:6      | Identified the +5 trident of Symmetry {venom, Fly Int+5}
  8528 | D:6      | Identified the +3 kite shield "Utulod" {Contam rPois MP+9
                  | Str+2 Int+3}
  8531 | D:6      | Identified the amulet "Juat" {rC+ Regen+}
  8535 | D:6      | Noticed javelincjr's ghost (amateur DrAE)
  8798 | D:6      | Found a sparkling altar of Nemelex Xobeh.
  9138 | D:7      | Reached skill level 5 in Stealth
  9180 | D:7      | Gained mutation: A demonic guardian rushes to your aid.
                  | [demonic ancestry]
  9180 | D:7      | Reached XP level 9. HP: 38/66 MP: 11/16
  9246 | D:7      | Reached skill level 5 in Dodging
  9246 | D:7      | Reached skill level 5 in Spellcasting
  9503 | D:7      | Found a flagged portal.
  9528 | Bailey   | Entered a bailey
  9534 | Bailey   | Learned a level 4 spell: Fulminant Prism
  9539 | Bailey   | Learned a level 4 spell: Iskenderun's Mystic Blast
  9586 | Bailey   | Reached skill level 5 in Fighting
  9643 | Bailey   | Reached skill level 5 in Hexes
  9815 | Bailey   | Reached skill level 1 in Translocations
  9821 | Bailey   | Noticed an orc knight
  9845 | Bailey   | Killed an orc knight
 10512 | D:7      | Reached skill level 1 in Staves
 10521 | D:7      | Reached XP level 10. HP: 70/75 MP: 14/18
 10692 | D:7      | Found the +3 woodcutter's axe {vorpal}
 12184 | D:8      | Found an ancient bone altar of Kikubaaqudgha.
 12665 | D:8      | Found an iron altar of Okawaru.
 12792 | D:9      | Noticed Harold
 12792 | D:9      | Noticed Grum
 13116 | D:8      | Killed Harold
 13372 | D:9      | Killed Grum
 13376 | D:9      | Reached XP level 11. HP: 29/83 MP: 20/20
 13611 | D:9      | Found a staircase to the Orcish Mines.
 14611 | D:10     | Entered Level 10 of the Dungeon
 14875 | D:10     | Noticed Nergalle
 14899 | D:10     | Killed Nergalle
 14923 | D:10     | Paralysed by a hornet for 1 turns
 14925 | D:10     | Reached skill level 5 in Staves
 15839 | D:11     | Identified a scroll of acquirement
 15839 | D:11     | Acquired the +1 pair of gloves of Gehenna {rCorr Int+3}
 15951 | D:11     | Learned a level 2 spell: Wereblood
 16014 | D:11     | Noticed a boulder beetle
 16038 | D:11     | Killed a boulder beetle
 16956 | D:11     | Found a staircase to the Lair.
 17040 | D:12     | Noticed Erolcha
 17075 | Lair:1   | Entered Level 1 of the Lair of Beasts
 17088 | Lair:1   | Reached skill level 1 in Transmutations
 17186 | Lair:1   | Reached XP level 12. HP: 91/91 MP: 22/22
 17211 | Lair:1   | Reached skill level 5 in Translocations
 18089 | Lair:2   | Noticed a death yak
 18127 | Lair:2   | Found a staircase to the Snake Pit.
 18159 | Lair:2   | Noticed a death yak
 18170 | Lair:2   | Killed a death yak
 18170 | Lair:2   | Killed a death yak
 18462 | Lair:2   | Found a basalt altar of Yredelemnul.
 19163 | Lair:3   | Found a large runed translucent door.
 19168 | Lair:3   | Found a large runed translucent door.
 19212 | Lair:3   | Noticed Foabaekk's ghost (journeyman GrMo)
 19227 | Lair:3   | Found a staircase to the Swamp.
 19235 | Lair:3   | Noticed Gastronok
 19259 | Lair:3   | Killed Gastronok
 19260 | Lair:3   | Reached XP level 13. HP: 69/98 MP: 14/24
 20829 | Lair:4   | Noticed Kirke
 20848 | Lair:4   | Killed Kirke
 21734 | Lair:5   | Entered Level 5 of the Lair of Beasts
 22301 | Lair:5   | Reached skill level 10 in Conjurations
 22302 | Lair:5   | Paralysed by a hornet for 2 turns
 22483 | Lair:5   | Identified the +4 falchion of Strategic Superiority {vamp,
                  | rF++ rN+ Dex-3 SInv}
 22486 | Lair:5   | Got the Book of Transformed Peregrination
 22610 | Lair:5   | Reached XP level 14. HP: 108/108 MP: 26/26
 22638 | Lair:5   | Found a staircase to the Slime Pits.
 23503 | Orc:1    | Entered Level 1 of the Orcish Mines
 23507 | Orc:1    | Bought a scroll of blinking for 142 gold pieces
 23507 | Orc:1    | Bought a scroll of teleportation for 57 gold pieces
 23509 | Orc:1    | Bought the +4 leather armour of Summer {rN+ Str+2 Slay+2}
                  | for 778 gold pieces
 23597 | Orc:1    | Found a frozen archway.
 23605 | Orc:1    | Bought the +2 leather armour of Jenan {Rampage rC+} for 468
                  | gold pieces
 23740 | Orc:1    | Found Obieh's General Store.
 23790 | IceCv    | Entered an ice cave
 24053 | IceCv    | Identified the +6 mace of the Vanishing Tusks {antimagic,
                  | rN+}
 24676 | IceCv    | Reached skill level 10 in Staves
 25674 | IceCv    | Got the Incunable of Damage Dealing
 25679 | IceCv    | Got the Omnibus of the Welkin
 25958 | IceCv    | Reached skill level 10 in Stealth
 26608 | Orc:2    | Entered Level 2 of the Orcish Mines
 26608 | Orc:2    | Found a gate leading to a gauntlet.
 26615 | Orc:2    | Found a staircase to the Elven Halls.
 26640 | Gauntlet | Entered a Gauntlet
 26640 | Gauntlet | Found a transporter.
 26656 | Gauntlet | Found a transporter.
 26658 | Gauntlet | Found a transporter.
 26658 | Gauntlet | Found a transporter.
 26686 | Gauntlet | Found a transporter.
 26701 | Gauntlet | Found a transporter.
 26727 | Gauntlet | Found a transporter.
 26729 | Gauntlet | Found a transporter.
 26766 | Gauntlet | Found a transporter.
 26797 | Gauntlet | Found a transporter.
 26812 | Gauntlet | Found a transporter.
 26824 | Gauntlet | Found a transporter.
 26849 | Gauntlet | Found a transporter.
 26859 | Gauntlet | Noticed a reaper
 26861 | Gauntlet | Found a transporter.
 26869 | Gauntlet | Found a large runed translucent door.
 26870 | Gauntlet | Found a large runed translucent door.
 26871 | Gauntlet | Found a large runed translucent door.
 26871 | Gauntlet | Found a large runed translucent door.
 26872 | Gauntlet | Found a runed translucent gate.
 26873 | Gauntlet | Found a transporter.
 26873 | Gauntlet | Found a runed translucent gate.
 26874 | Gauntlet | Found a runed translucent gate.
 26875 | Gauntlet | Found a large runed translucent door.
 26875 | Gauntlet | Found a large runed translucent door.
 26876 | Gauntlet | Found a large runed translucent door.
 26877 | Gauntlet | Found a large runed translucent door.
 26886 | Gauntlet | Found a large runed translucent door.
 26886 | Gauntlet | Found a large runed translucent door.
 26886 | Gauntlet | Found a runed translucent door.
 26886 | Gauntlet | Found a runed translucent door.
 26887 | Gauntlet | Found a large runed translucent door.
 26888 | Gauntlet | Found a large runed translucent door.
 26890 | Gauntlet | Found a transporter.
 26898 | Gauntlet | Found a large runed translucent door.
 26898 | Gauntlet | Found a large runed translucent door.
 26899 | Gauntlet | Found a large runed translucent door.
 26900 | Gauntlet | Found a large runed translucent door.
 26908 | Gauntlet | Found a transporter.
 26910 | Gauntlet | Found a transporter.
 27157 | Gauntlet | Identified the +1 robe "Feggierch" {Will+}
 27260 | Gauntlet | Got the Compendium of the Oath
 27754 | Orc:2    | Found Kivvuuha's Magic Scroll Boutique.
 27769 | Orc:2    | Bought a scroll of enchant armour for 105 gold pieces
 27769 | Orc:2    | Bought a scroll of enchant armour for 105 gold pieces
 27773 | Orc:2    | Bought a scroll of summoning for 133 gold pieces
 27919 | Orc:2    | Found Vujyak's Jewellery Shop.
 28596 | Orc:2    | Noticed an orc warlord
 28604 | Orc:2    | Killed an orc warlord
 28624 | Orc:2    | Found Ovio's Antique Armour Boutique.
 28639 | Orc:2    | Found Piteuss's Antique Weapon Shop.
 28709 | Orc:2    | Learned a level 4 spell: Summon Lightning Spire
 28715 | Orc:2    | Learned a level 5 spell: Summon Mana Viper
 29081 | D:12     | Gained mutation: When seriously injured, your blood forms
                  | thick armour. (AC +9) [demonic ancestry]
 29081 | D:12     | Reached XP level 15. HP: 109/115 MP: 28/28
 29145 | D:12     | Killed Erolcha
 29146 | D:12     | Reached skill level 10 in Fighting
 29146 | D:12     | Reached skill level 1 in Summonings
 29473 | D:12     | Found Silif's Armour Shoppe.
 30252 | D:12     | Reached skill level 1 in Air Magic
 30309 | D:12     | Paralysed by something for 2 turns
 30310 | D:12     | HP: 5/115 [two-headed ogre/+0 giant spiked club (12)]
 30311 | D:12     | Slain by an ogre mage

Illustrated notes

Levels and vault maps discovered:
D:1:      kennysheep_arrival_forest, layout_loops_ring,
          ebering_ecumenical_altar_box, minmay_misc_feat_room,
          grunt_decor_resistance, chequers_serial_rivers_room_b,
          chequers_serial_rivers_small_a
D:2:      kennysheep_big_flooded_room, layout_loops_ring, serial_glass,
          glass_columns_a, glass_columns_c
D:3:      cheibrodos_fertilizer, layout_loops_ring
D:4:      layout_loops_ring, grunt_temple_overflow_octagram,
          minmay_temple_entry_waves, uniq_natasha
D:5:      layout_basic, kennysheep_mini_moat, serial_shops,
          nicolae_shop_statue_plus
D:6:      layout_basic, nemelex_dance_club_becter,
          gammafunk_ghost_gnarly_gnolls, portal_sewer_entry_a, minmay_holes
D:7:      nicolae_cairo_tiling_large_dashed, layout_layer_cave, enter_bailey_4,
          pf_guarded_unrand_woodcutter
D:8:      layout_basic, mainiacjoe_overflow_alcove_2,
          lemuel_mausoleum_altar_kikubaaqudgha
D:9:      layout_loops_cross, hiddenorc1_lemuel, roderic_serpentine_path,
          uniq_harold, uniq_grum
D:10:     layout_rooms, minmay_misc_feat_columns, uniq_nergalle
D:11:     layout_basic, grunt_lair_entry_orc_guard_hut
D:12:     lemuel_ogre_cave, layout_cave_pools, serial_shops, shop, uniq_erolcha
D:13:     layout_loops_corners, grunt_vaults_entry_fortified, serial_shops,
          nicolae_shop_hallway_stairs, gammafunk_ghost_hydra_chop,
          nicolae_shop_fire_sale [nicolae_sub_dead_trees], uniq_rupert
Temple:   hellmonk_temple_of_storms
Lair:1:   layout_chaotic_city, serial_bayou_pond_b, grunt_megastairs_4
Lair:2:   minmay_lair_venomous_thicket, layout_misc_corridors,
          guppyfry_snake_entry_island, basic_altar, infiniplex_staircase_pool_2
Lair:3:   layout_roguey, swamp_mist_pool, ebering_ghost_disaster_area,
          uniq_gastronok
Lair:4:   layout_regular_city, nicolae_quartered_pool_super, uniq_kirke
Lair:5:   minmay_lair_end_enchanted_forest, layout_regular_city,
          minmay_slime_entry_pillars
Orc:1:    layout_caves, serial_shops, nicolae_lakefront_shop,
          portal_ice_cave_entry_ice_simulacra, nicolae_orc_lava_room
Orc:2:    grunt_orc_community_town_hall, layout_caves,
          grunt_orc_community_big_house_2, grunt_orc_community_big_house_2,
          grunt_orc_community_house_3, grunt_orc_community_house_2,
          grunt_orc_community_house_2, grunt_orc_community_house_1,
          grunt_orc_community_house_2, gauntlet_entry_generic,
          statue_in_the_mist_lemuel, mines2_lemuel

Skill      XL: |  1  2  3  4  5  6  7  8  9 10 11 12 13 14 15 |
---------------+----------------------------------------------+-----
Stealth        | 2 3 4 5 6 7 8 9 10 | 10.3
Dodging        | 2 3 4 5 6 7 8 9 |  9.6
Fighting       | 1 2 3 4 5 6 7 8 9 10 | 10.1
Hexes          | 1 2 3 4 5 |  5.3
Spellcasting   | 3 4 5 6 7 8 9 |  9.7
Conjurations   | 5 6 7 8 9 10 | 10.9
Translocations | 2 3 4 5 6 7 8 |  8.1
Staves         | 1 4 6 7 9 10 | 10.9
Transmutations | 1 3 |  3.0
Summonings     | 2 |  2.1
Air Magic      | 1 |  1.1

Action                   |  1- 3 |  4- 6 |  7- 9 | 10-12 | 13-15 || total
-------------------------+-------+-------+-------+-------+-------++-------
Melee: Whip              |    22 |    26 |    17 |       |       ||    65
       Tailslap          |       |     2 |    14 |    48 |   105 ||   169
       Punch             |       |     1 |     1 |       |       ||     2
       Lajatang          |       |       |    71 |   268 |   535 ||   874
       Scimitar          |       |       |       |       |    32 ||    32
       Unarmed           |       |       |       |       |     4 ||     4
Throw: Dart              |       |       |       |     1 |       ||     1
       Throwing net      |       |       |       |       |     6 ||     6
 Cast: Magic Dart        |    41 |    30 |    67 |    72 |     8 ||   218
       Searing Ray       |    11 |    35 |    85 |    74 |    12 ||   217
       Dazzling Flash    |       |       |     8 |     1 |       ||     9
       Fulminant Prism   |       |       |    12 |    40 |    30 ||    82
       Iskenderun's Myst |       |       |       |     2 |       ||     2
       Wereblood         |       |       |       |    17 |    58 ||    75
       Summon Mana Viper |       |       |       |       |     7 ||     7
Invok: Potion Petition   |       |       |     1 |       |     3 ||     4
       Call Merchant     |       |       |       |       |     3 ||     3
Evoke: Wand              |       |       |     7 |     3 |     1 ||    11
  Use: Scroll            |     9 |     5 |    18 |     8 |    12 ||    52
       Potion            |       |     2 |     4 |     1 |     7 ||    14
 Stab: Sleeping          |     2 |     2 |     2 |    13 |     6 ||    25
       Invisible         |       |       |     2 |     1 |       ||     3
       Distracted        |       |       |     1 |    12 |    16 ||    29
       Held in net/web   |       |       |       |       |     4 ||     4
Armor: Robe              |     8 |    14 |    61 |    75 |    27 ||   185
       Skin              |       |       |       |       |     2 ||     2
       Leather armour    |       |       |       |       |    90 ||    90
Dodge: Dodged            |    19 |    40 |   168 |   274 |   392 ||   893
Block: Buckler           |       |       |       |       |    13 ||    13
